 Dungeon Crawl Stone Soup version 0.28.0-53-g5a82cb258f (webtiles) character file.

Game seed: 10937671693452353069

620 cbfl8 the Chopper (level 7, -4/91 HPs)
             Began as a Minotaur Berserker on Aug 3, 2022.
             Was a Believer of Trog.
             Succumbed to Edmund's poison
             ... on level 4 of the Dungeon.
             The game lasted 00:03:57 (3705 turns).

cbfl8 the Chopper (Minotaur Berserker)              Turns: 3705, Time: 00:03:57

Health: -4/91      AC: 11    Str: 21    XL:     7   Next: 22%
Magic:  6/6        EV:  8    Int:  4    God:    Trog [**....]
Gold:   267        SH:  3    Dex: 12    Spells: 6/6 levels left

rFire   . . .      SeeInvis .   a - +0 hand axe
rCold   . . .      Faith    .   b - +0 buckler
rNeg    . . .      Spirit   .   d - +0 chain mail
rPois   .          Reflect  .   (helmet restricted)
rElec   .          Harm     .   (no cloak)
rCorr   .          Rampage  .   (no gloves)
Will    .....                   g - +0 pair of boots
Stlth   ..........              (no amulet)
HPRegen 0.25/turn               (no ring)
MPRegen 0.10/turn               (no ring)

@: berserking (expiring), lethally poisoned (-4 -> -33), very quick
A: horns 2, retaliatory headbutt
a: Renounce Religion, Berserk, Trog's Hand


You were on level 4 of the Dungeon.
You worshipped Trog.
Trog was pleased with you.
You visited 1 branch of the dungeon, and saw 4 of its levels.

You collected 267 gold pieces.

Inventory:

Hand Weapons
 a - a +0 hand axe (weapon)
Armour
 b - a +0 buckler (worn)
 c - a +0 scale mail
 d - a +0 chain mail (worn)
 g - a +0 pair of boots (worn)
Scrolls
 e - a scroll of enchant weapon {unknown}
 f - a scroll of torment {unknown}
 h - a scroll of blinking {unknown}
 i - a scroll of teleportation {unknown}
 j - 2 scrolls of fear
 k - a scroll of brand weapon {unknown}
Potions
 l - a potion of mutation {unknown}
 m - a potion of heal wounds
 n - 2 potions of curing
 o - a potion of lignification {unknown}


   Skills:
 * Level 5.4 Fighting
 + Level 5.7 Axes
 + Level 5.3 Armour
 * Level 3.8 Dodging
 + Level 0.5 Stealth
 + Level 0.6 Shields
 * Level 2.3 Evocations


You had 6 spell levels left.
You didn't know any spells.
Your spell library was empty.

Dungeon Overview and Level Annotations

Branches:
Dungeon (4/15)
 Temple: D:4-7

Altars:
Dithmenos
Gozag
Nemelex Xobeh
Trog
Uskayaw
Xom
Yredelemnul


Innate Abilities, Weirdness & Mutations

You have a pair of horns on your head.
You reflexively headbutt those who attack you in melee.


Message History

Edmund hits you with a +0 flail of venom.
You hit Edmund. Your headbutt misses Edmund.
Edmund is heavily wounded.
You feel very sick. Edmund hits you but does no damage.
You are more poisoned.
You hit Edmund.
Edmund is severely wounded.
You feel very sick.
You hit Edmund but do no damage.
Edmund is severely wounded.
You feel very sick. Edmund hits you but does no damage.
You closely miss Edmund.
Edmund is severely wounded.
You feel very sick.
Edmund hits you with a +0 flail of venom!
You are more poisoned.
You hit Edmund but do no damage.
Edmund is severely wounded.
You feel very sick.
You slash Edmund!
Edmund is almost dead.
You feel very sick.
Edmund hits you with a +0 flail of venom!
* * * LOW HITPOINT WARNING * * *
You are more poisoned.
You slash Edmund!
You kill Edmund!
Trog accepts your kill.
* * * LOW HITPOINT WARNING * * *
You feel extremely sick.
You have reached level 7!
There is a lethal amount of poison in your body!
There is a lethal amount of poison in your body!
You are too berserk!
* * * LOW HITPOINT WARNING * * *
You feel very sick.
You feel a strong urge to attack something.
You die...

........#......#
........#......######
........#...........#
........'...........#
..###..#...........#
########..#...........#
......#.....)...#......######
......#.....<...#......'...#
###......#......@..+......#...#
.........#######+###......#...#
..>......# #......#####
.........# #......#...#
.........# #......#...#
.........# #......#...#
##........ ............#
.#........ .....P._.P..#
.'........ .............#


There were no monsters in sight!

Vanquished Creatures
  Grinder (D:3)
  Sigmund (D:4)
  Edmund (D:4)
  An orc priest (D:3)
  A bullfrog skeleton (D:4)
  An iguana (D:4)
  2 adders
  4 dart slugs
  5 orcs
  A ball python (D:4)
  4 endoplasms
  2 giant cockroaches
  3 goblins
  4 hobgoblins
  2 jackals (D:3)
  6 kobolds
  4 quokkas
  5 bats
  4 frilled lizards
  3 rats
55 creatures vanquished.

Vanquished Creatures (others)
  5 plants (D:2)
5 creatures vanquished.

Grand Total: 60 creatures vanquished

Notes
Turn   | Place    | Note
-------+----------+-------------------------------------------
     0 | D:1      | cbfl8 the Minotaur Berserker began the quest for the Orb.
     0 | D:1      | Reached XP level 1. HP: 19/19 MP: 0/0
   149 | D:1      | Reached XP level 2. HP: 16/27 MP: 1/1
  1121 | D:2      | Reached XP level 3. HP: 13/34 MP: 2/2
  1431 | D:2      | Found a faded altar of an unknown god.
  2113 | D:3      | Reached skill level 1 in Evocations
  2113 | D:3      | Reached XP level 4. HP: 41/41 MP: 3/3
  2582 | D:3      | Reached ** piety under Trog
  2599 | D:3      | Found a shimmering altar of Xom.
  2599 | D:3      | Noticed Grinder
  2601 | D:3      | Found a bloodstained altar of Trog.
  2601 | D:3      | Found a shadowy altar of Dithmenos.
  2605 | D:3      | Found an opulent altar of Gozag.
  2605 | D:3      | Found a shadowy altar of Dithmenos.
  2605 | D:3      | Found a basalt altar of Yredelemnul.
  2617 | D:3      | Paralysed by Grinder for 6 turns
  2627 | D:3      | Paralysed by Grinder for 2 turns
  2633 | D:3      | Paralysed by Grinder for 2 turns
  2663 | D:3      | Paralysed by Grinder for 4 turns
  2675 | D:3      | Killed Grinder
  2676 | D:3      | Reached skill level 5 in Fighting
  2676 | D:3      | Reached skill level 5 in Axes
  2676 | D:3      | Reached XP level 5. HP: 40/48 MP: 4/4
  2676 | D:3      | Reached XP level 6. HP: 47/56 MP: 5/5
  2924 | D:3      | Found a sparkling altar of Nemelex Xobeh.
  3437 | D:4      | Noticed Sigmund
  3448 | D:4      | Killed Sigmund
  3449 | D:4      | Reached skill level 5 in Armour
  3655 | D:4      | Found a hide-covered altar of Uskayaw.
  3689 | D:4      | Noticed Edmund
  3703 | D:4      | Killed Edmund
  3703 | D:4      | HP: 4/84 [poisoned by Edmund]
  3704 | D:4      | Reached XP level 7. HP: 5/61 MP: 6/6
  3704 | D:4      | HP: 1/91 [poisoned by Edmund]
  3705 | D:4      | Succumbed to Edmund's poison

Illustrated notes

Levels and vault maps discovered:
D:1:      dpeg_arrival_another_circle, layout_loops_ring
D:2:      cheibrodos_old_hovel, layout_loops_ring, nicolae_ecumenical_pavilion
D:3:      layout_loops_ring, mainiacjoe_overflow_paths, doesnt_xom_only_xom,
          hangedman_decor_slide_cut, uniq_grinder
D:4:      layout_gridville, mainiacjoe_overflow_tiny_flanked,
          grunt_dithmenos_smoke_and_mirrors, nrook_loot_triangle, uniq_sigmund,
          uniq_edmund, uniq_duvessa

Skill      XL: |  1  2  3  4  5  6 |
---------------+-------------------+-----
Fighting       | 4 5 |  5.4
Axes           | 4 5 |  5.7
Armour         | 3 4 5 |  5.3
Evocations     | 1 2 |  2.3
Dodging        | 3 |  3.8
Stealth        | |  0.5
Shields        | |  0.6

Action                   |  1- 3 |  4- 6 |  7- 9 || total
-------------------------+-------+-------+-------++-------
Melee: Hand axe          |    72 |    80 |       ||   152
       Headbutt          |    12 |    14 |       ||    26
Invok: Berserk           |     2 |     4 |       ||     6
       Trog's Hand       |       |     1 |       ||     1
  Use: Scroll            |     3 |     1 |       ||     4
       Potion            |       |     1 |       ||     1
Armor: Animal skin       |     1 |       |       ||     1
       Chain mail        |    24 |    32 |       ||    56
Dodge: Dodged            |    38 |    26 |       ||    64
Block: Buckler           |     2 |     9 |       ||    11
